 Dungeon Crawl Stone Soup version 0.26-a0-611-g354ed81502 (webtiles) character file.

Game seed: 6164341137736048206

480 MrRokkomies the Digger (level 7, -5/41 HPs)
             Began as an Octopode Earth Elementalist on Sept 5, 2020.
             Was a Follower of the Shining One.
             Slain by a worker ant (7 damage)
             ... on level 4 of the Dungeon.
             The game lasted 00:08:15 (3908 turns).

MrRokkomies the Digger (OpEE)                       Turns: 3908, Time: 00:08:15

Health: -5/41      AC:  1    Str:  7    XL:     7   Next: 12%
Magic:  0/11       EV: 15    Int: 20    God:    the Shining One [*.....]
Gold:   175        SH:  0    Dex: 12    Spells: 8/12 levels left

rFire    . . .     SeeInvis .   c - +0 dagger
rCold    . . .     Faith    +   (no shield)
rNeg     . . .     Spirit   .   (helmet restricted)
rPois    .         Reflect  .   k - amulet of faith
rElec    .         Harm     .   (no ring)
rCorr    .                      (no ring)
MR       .....                  (no ring)
Stlth    ++........             (no ring)
HPRegen  0.13/turn              (no ring)
MPRegen  0.12/turn              (no ring)
                                (no ring)
                                (no ring)

@: glowing
A: almost no armour, stealthy swim, amphibious, 8 rings, constrict 8, camouflage
1, gelatinous body 1
a: Renounce Religion


You were on level 4 of the Dungeon.
You worshipped the Shining One.
The Shining One was aware of your devotion.
You visited 1 branch of the dungeon, and saw 4 of its levels.

You collected 175 gold pieces.

Inventory:

Hand Weapons
 c - a +0 dagger (weapon)
Missiles
 b - 110 stones
 g - 9 poisoned darts (quivered)
 h - a throwing net
Jewellery
 k - an amulet of faith (around mantle)
Scrolls
 e - 5 scrolls of remove curse {unknown}
 j - a scroll of random uselessness {unknown}
 l - a scroll of identify {unknown}
 m - 3 scrolls of enchant weapon {unknown}
 n - 3 scrolls of teleportation {unknown}
 o - a scroll of fog {unknown}
 p - a scroll of fear
 r - a scroll of noise {unknown}
 s - 2 scrolls of immolation {unknown}
Potions
 a - a potion of flight {unknown}
 d - 3 potions of haste {unknown}
 f - a potion of curing
 i - a potion of ambrosia {unknown}
 q - a potion of mutation {unknown}
 t - a potion of degeneration {unknown}


   Skills:
 * Level 4.5 Dodging
 - Level 3.6 Stealth
 + Level 3.2 Spellcasting
 + Level 1.9 Conjurations
   Level 1.0 Transmutations
 * Level 5.2 Earth Magic


You had 8 spell levels left.
You knew the following spells:

 Your Spells              Type           Power        Failure   Level
a - Sandblast             Erth           ###...       1%          1
b - Stone Arrow           Conj/Erth      ###...       10%         3

Your spell library contained the following spells:

 Spells                   Type           Power        Failure   Level
 Passwall                 Tmut/Erth      ###.....     6%          2
 Petrify                  Tmut/Erth      ###.....     36%         4
 Lee's Rapid Deconstruct  Erth           ###.......   41%         5


Dungeon Overview and Level Annotations

Branches:
Dungeon (4/15)
 Temple: D:4-7

Altars:
The Shining One


Innate Abilities, Weirdness & Mutations

You cannot wear most types of armour.
You are very stealthy in the water. (Stealth+)
You are amphibious.
You can wear up to eight rings at the same time.
You can use your tentacles to constrict eight enemies at once.
Your skin changes colour to match your surroundings (Stealth+).
Your rubbery body absorbs attacks. (AC +1, EV +1)


Message History

Aiming: Sandblast (safe; 1% risk of failure)
Press: ? - help, Shift-Dir - straight line, f/p - worker ant
Aim: a worker ant (severely wounded, haloed)
The blast of sand hits the worker ant.
The worker ant is almost dead.
b - 110 stones The worker ant bites you!
* * * LOW HITPOINT WARNING * * *
You feel better. The worker ant closely misses you.
You barely miss the worker ant. You grab the worker ant.
The worker ant is almost dead.
You constrict the worker ant, but do no damage.
The worker ant bites you!
* * * LOW HITPOINT WARNING * * *
The orc wizard shouts!
You hit the worker ant but do no damage.
The worker ant is almost dead.
You constrict the worker ant, but do no damage.
The worker ant bites you!
You die...

#..# ....# #..#
#(..##
#.†##...o.#
#..#...#
#####...).#
#....o...##
#.##o#.......
#.#.##a##.###.#
#.#.##@##.$. ..
#.#.##.######
## #.#.##.#
#.#.##.#
#.#..#'##
#.#.....#
#.'.....#
###.....#
#.....#####.#


You could see a worker ant, an orc wizard and an orc.

Vanquished Creatures
  Grinder (D:4)
  A hound (D:3)
  An orc priest (D:4)
  An orc wizard (D:4)
  A worker ant (D:4)
  Robin (D:2)
  5 adders
  An adder zombie (D:3)
  2 worms
  5 dart slugs
  8 leopard geckos
  3 orcs
  A ball python (D:3)
  6 bats
  6 giant cockroaches
  15 goblins
  6 hobgoblins
  10 kobolds
  2 quokkas
  3 frilled lizards
  10 rats
89 creatures vanquished.

Notes
Turn   | Place    | Note
-------+----------+-------------------------------------------
     0 | D:1      | MrRokkomies the Octopode Earth Elementalist began the quest
                  | for the Orb.
     0 | D:1      | Reached XP level 1. HP: 11/11 MP: 3/3
   194 | D:1      | Reached XP level 2. HP: 10/17 MP: 0/5
   826 | D:1      | Reached XP level 3. HP: 19/21 MP: 6/6
  1480 | D:2      | Reached XP level 4. HP: 24/27 MP: 7/7
  1719 | D:2      | Noticed Robin
  1727 | D:2      | Killed Robin
  1823 | D:2      | Reached skill level 4 in Earth Magic
  1984 | D:2      | Learned a level 3 spell: Stone Arrow
  2159 | D:2      | Found a faded altar of an unknown god.
  2166 | D:2      | Became a worshipper of the Shining One
  2166 | D:2      | Reached * piety under the Shining One
  2753 | D:3      | Reached XP level 5. HP: 27/31 MP: 6/8
  3784 | D:4      | Noticed Grinder
  3798 | D:4      | Killed Grinder
  3798 | D:4      | Reached skill level 1 in Conjurations
  3798 | D:4      | Reached skill level 5 in Earth Magic
  3798 | D:4      | Reached XP level 6. HP: 36/36 MP: 4/10
  3898 | D:4      | Reached XP level 7. HP: 13/41 MP: 6/11
  3905 | D:4      | HP: 1/41 [worker ant (7)]
  3908 | D:4      | Slain by a worker ant

Illustrated notes

Levels and vault maps discovered:
D:1:      zaba_arrival_water, layout_basic
D:2:      layout_loops_ring, chequers_ecumenical_altar_simple, glass_columns_a,
          uniq_robin
D:3:      layout_basic
D:4:      layout_basic, minmay_circle_x, uniq_grinder

Skill      XL: |  1  2  3  4  5 |
---------------+----------------+-----
Stealth        | 3 |  3.6
Dodging        | 3 4 |  4.5
Earth Magic    | 4 5 |  5.2
Spellcasting   | 3 |  3.2
Conjurations   | 1 |  1.9
Transmutations | |  1.0

Action                   |  1- 3 |  4- 6 |  7- 9 || total
-------------------------+-------+-------+-------++-------
Melee: Unarmed           |     9 |       |       ||     9
       Constrict         |    15 |    29 |     1 ||    45
       Tentacles         |     5 |    15 |       ||    20
       Dagger            |    53 |   122 |     2 ||   177
 Cast: Sandblast         |    14 |    32 |     8 ||    54
  Use: Scroll            |     2 |       |       ||     2
       Potion            |       |     2 |     1 ||     3
 Stab: Sleeping          |     6 |     6 |       ||    12
       Distracted        |       |     1 |       ||     1
Armor: Skin              |     4 |     7 |       ||    11
Dodge: Dodged            |    34 |    92 |     4 ||   130

Table legend: (Time is in decaauts)
 A = Elapsed time spent in this place.
 B = Non-inter-level travel time spent in this place.
 C = Inter-level travel time spent in this place.
 D = Time resting spent in this place.
 E = Time spent auto-exploring this place.
 F = Levels seen in this place.
 G = Mean time per level.
                   A        B        C        D        E       F      G
               +--------+--------+--------+--------+--------+-----+--------+
         Total |   3906 |   3839 |     67 |    693 |   2555 |   4 |  976.5 |
       Dungeon |   3906 |   3839 |     67 |    693 |   2555 |   4 |  976.5 |
               +--------+--------+--------+--------+--------+-----+--------+

Top non-repeatable levels by time:
     D:3: 1313 daAuts
     D:2: 1292 daAuts
     D:1: 1176 daAuts
     D:4: 123 daAuts
